 Dungeon Crawl Stone Soup version 0.20-b1-24-gb21faa7 (webtiles) character file.

135 Stendarr the Gusty (level 5, -1/28 HPs)
             Began as a Tengu Air Elementalist on May 25, 2017.
             Slain by Sigmund
             ... wielding a +0 scythe
              (2 damage)
             ... on level 2 of the Dungeon.
             The game lasted 00:08:04 (1986 turns).

Stendarr the Gusty (Tengu Air Elementalist)         Turns: 1986, Time: 00:08:05

Health: -1/28      AC:  4    Str:  9 (10) XL:     5   Next: 18%
Magic:  3/10       EV: 12    Int: 12 (15) God:
Gold:   41         SH:  0    Dex: 12 (14) Spells: 2/10 levels left

rFire    . . .     SeeInvis .   g - +0 dagger
rCold    . . .     Gourm    .   (no shield)
rNeg     . . .     Faith    .   o - +2 robe {MR+}
rPois    .         Spirit   .   (helmet restricted)
rElec    .         Reflect  .   (no cloak)
rCorr    .         Harm     .   (no gloves)
MR       +....                  (boots unavailable)
Stlth    ++........             (no amulet)
Regen    0.1/turn               (no ring)
MPRegen  0.2/turn               (no ring)

@: no status effects
A: beak, talons 3, able to fly 1
a: Fly


You were on level 2 of the Dungeon.
You were hungry.

You visited 1 branch of the dungeon, and saw 2 of its levels.

You collected 41 gold pieces.

Inventory:

Hand Weapons
 g - a +0 dagger (weapon)
Armour
 o - a +2 robe of magic resistance (worn)
Scrolls
 j - 3 scrolls of identify {unknown}
 l - a scroll of random uselessness {unknown}
 m - a scroll of magic mapping {unknown}
Books
 a - a book of Cantrips

   Spells                             Type                      Level
   a - Confusing Touch                Hexes                        1
   b - Animate Skeleton               Necromancy                   1
   c - Summon Small Mammal            Summoning                    1
   d - Apportation                    Translocation                1
 b - a book of Air

   Spells                             Type                      Level
   a - Shock                          Conjuration/Air              1
   b - Swiftness                      Charms/Air                   2
   c - Static Discharge               Conjuration/Air              3
   d - Airstrike                      Air                          4
   e - Lightning Bolt                 Conjuration/Air              5
Comestibles
 c - 2 bread rations
 f - a royal jelly
 h - a chunk of flesh
 k - 5 fruits


   Skills:
 - Level 2.1 Dodging
 - Level 2.0 Stealth
 * Level 3.1 Spellcasting
 * Level 4.4 Conjurations
 + Level 5.0 Air Magic


You had 2 spell levels left.
You knew the following spells:

 Your Spells              Type           Power        Failure   Level  Hunger
a - Shock                 Conj/Air       ##..         3%          1    #......
b - Static Discharge      Conj/Air       ##......     11%         3    ###....
c - Swiftness             Chrm/Air       #.......     13%         2    ###....
e - Apportation           Tloc           #.....       24%         1    #......
s - Animate Skeleton      Necr           N/A          24%         1    #......


Dungeon Overview and Level Annotations

Branches:
Dungeon (2/15)

Altars:

Annotations:
D:2 Sigmund


Innate Abilities, Weirdness & Mutations

You have a beak for a mouth.
You have claws for feet.
You can fly.


Message History

Sigmund is lightly wounded.
Sigmund hits you but does no damage. The gnoll hits you but does no damage.
You barely miss Sigmund.
Sigmund is lightly wounded.
You feel less wooden.
Your +2 robe of magic resistance unmelds from your body.
You feel resistant to hostile enchantments.
The gnoll barely misses you. Sigmund gestures at you while chanting.
You resist with almost no effort.
As you read the scroll of teleportation, it crumbles to dust.
You feel strangely unstable. The gnoll barely misses you. Sigmund misses you.
Unknown command.
Your surroundings seem slightly different.
Sigmund points at you and mumbles some strange words.
The magic dart hits you!
* * * LOW HITPOINT WARNING * * *
Found 2 scrolls labeled EVENLE DALUNGE.
Sigmund hits you from afar with a scythe.
You die...

.......? ........ ########
........ #..ยง...#
Z.......#####......#
...................#
.############......##########
....#########.g@...##.......#####
.....(g.....)...............)....
....############@.###..(....#####
##### ##.# #.......# #.#
#.......# #.. #.##...##
....#.##...# ....#.###### ...?#.#
.....# ..


You could see Sigmund and a gnoll.

Vanquished Creatures
  Jessica (D:2)
  3 adders (D:2)
  2 gnolls
  An ooze (D:2)
  A worm (D:1)
  2 dart slugs
  A leopard gecko (D:1)
  A giant cockroach (D:2)
  2 goblins (D:1)
  5 hobgoblins
  8 jackals (D:1)
  8 kobolds
  A quokka (D:2)
  2 ball pythons (D:1)
  7 bats
  3 frilled lizards
  5 rats
53 creatures vanquished.

Notes
Turn   | Place    | Note
-------+----------+-------------------------------------------
     0 | D:1      | Stendarr the Tengu Air Elementalist began the quest for the Orb.
     0 | D:1      | Reached XP level 1. HP: 10/10 MP: 4/4
   431 | D:1      | Reached XP level 2. HP: 14/15 MP: 4/6
   463 | D:1      | Upgraded the game from 0.20-b1-18-gaa2fd62 to 0.20-b1-24-gb21faa7
   779 | D:1      | Reached XP level 3. HP: 19/19 MP: 1/7
  1136 | D:2      | Noticed Sigmund
  1332 | D:2      | Noticed Jessica
  1504 | D:2      | Killed Jessica
  1504 | D:2      | Reached XP level 4. HP: 15/24 MP: 2/9
  1668 | D:2      | Learned a level 1 spell: Animate Skeleton
  1673 | D:2      | Learned a level 3 spell: Static Discharge
  1676 | D:2      | Learned a level 2 spell: Swiftness
  1678 | D:2      | Learned a level 1 spell: Apportation
  1809 | D:2      | Gained mutation: You can fly. [Tengu growth]
  1809 | D:2      | Reached XP level 5. HP: 28/28 MP: 3/10
  1915 | D:2      | Reached skill level 5 in Air Magic
  1985 | D:2      | HP: 1/28 [Sigmund/magic dart (9)]
  1986 | D:2      | Slain by Sigmund

Skill      XL: |  1  2  3  4  5 |
---------------+----------------+-----
Conjurations   | 2 3 4 |  4.4
Spellcasting   | 3 |  3.1
Air Magic      | 5 |  5.0
Dodging        | |  2.1
Stealth        | |  2.0

Action                   |  1- 3 |  4- 6 || total
-------------------------+-------+-------++-------
Melee: Unarmed           |     9 |       ||     9
       Peck              |     4 |     1 ||     5
       Kick              |     2 |     3 ||     5
       Dagger            |    10 |    18 ||    28
 Cast: Shock             |    61 |    44 ||   105
       Animate Skeleton  |       |     2 ||     2
  Use: Potion            |       |     3 ||     3
       Scroll            |       |     2 ||     2
 Stab: Distracted        |     1 |       ||     1
  Eat: Chunk             |     3 |     1 ||     4
Armor: Robe              |     6 |     5 ||    11
       Skin              |       |    24 ||    24
Dodge: Dodged            |    33 |    20 ||    53
